 Dungeon Crawl Stone Soup version 0.28-a0-563-gf77a47075d (webtiles) character file.

Game seed: 1072752978473475276

4040 robertstho the Thaumaturge (level 10, -16/69 HPs)
             Began as a Djinni Fire Elementalist on Sept 29, 2021.
             Was an Initiate of Gozag.
             Demolished by a two-headed ogre (27 damage)
             ... on level 8 of the Dungeon.
             The game lasted 00:12:08 (9260 turns).

robertstho the Thaumaturge (DjFE)                   Turns: 9260, Time: 00:12:10

Health: -16/69     AC: 12    Str: 15    XL:     10   Next: 48%
Gold:   246        EV: 11    Int: 20    God:    Gozag SH:  0 Dex: 10

rFire   + + .      SeeInvis .   y - +9 whip of Precise Incision {flame, Str+8 Dex-4 Stlth+}
rCold   x . .      Faith    .   (no shield)
rNeg    . . .      Spirit   .   B - +0 acid dragon scales
rPois   ∞          Reflect  .   (no helmet)
rElec   .          Harm     .   (no cloak)
rCorr   +          Rampage  .   k - +1 pair of gloves
Will    +....                   (boots unavailable)
Stlth   +++.......              (no amulet)
HPRegen 0.21/turn               j - +4 ring of protection
MPRegen 0.00/turn               w - ring of resist corrosion

@: about to teleport, gold aura, flying
A: sickness immunity, fire resistance 2, cold vulnerability 1, float, innate
caster, hp casting, extra vitality 1
a: Renounce Religion, Potion Petition, Call Merchant, Bribe Branch


You were on level 8 of the Dungeon.
You worshipped Gozag.
Gozag was aware of your devotion.
You visited 2 branches of the dungeon, and saw 9 of its levels.

You collected 344 gold pieces.
You paid 98 gold pieces to Gozag.

Inventory:

Hand Weapons
 u - a +1 dagger of electrocution
 x - a +2 quarterstaff of pain
 y - the +9 whip of Precise Incision (weapon) {flame, Str+8 Dex-4 Stlth+}
   (You found it on level 7 of the Dungeon)

   It burns those it strikes, dealing additional fire damage.
   Str:       It affects your strength (+8).
   Dex:       It affects your dexterity (-4).
   Stlth:     It makes you more stealthy.
Armour
 k - a +1 pair of gloves (worn)
 B - +0 acid dragon scales (worn)
Jewellery
 j - a +4 ring of protection (left hand)
 w - a ring of resist corrosion (right hand)
Wands
 o - a wand of digging (2)
 s - a wand of mindburst (11)
 v - a wand of acid (4)
Scrolls
 a - a scroll of immolation
Potions
 f - 2 potions of ambrosia
 g - 4 potions of curing
 p - 2 potions of invisibility {unknown}
 q - 2 potions of haste {unknown}
 t - a potion of brilliance
 z - a potion of degeneration {unknown}
 A - 2 potions of heal wounds {unknown}


   Skills:
 * Level 4.6 Fighting
 + Level 0.2 Short Blades
 + Level 0.3 Staves
 + Level 0.3 Armour
 + Level 3.1 Dodging
 + Level 3.0 Stealth
 * Level 10.4 Spellcasting
 + Level 1.0 Evocations


You had 6 spell levels left.
You knew the following spells:

 Your Spells              Type           Power      Damage    Failure   Level
a - Foxfire               Conj/Fire      100%       2x1d9     1%          1
b - Scorch                Fire           100%       2d10      1%          2
c - Conjure Flame         Conj/Fire      51%        6-21      1%          3
d - Inner Flame           Hex/Fire       51%        N/A       1%          3
e - Flame Wave            Conj/Fire      51%        3d10      1%          4
f - Magic Dart            Conj           100%       1d8       1%          1
g - Slow                  Hex            51%        N/A       1%          2
h - Ignite Poison         Fire/Tmut/Pois 51%        N/A       1%          3
i - Dispel Undead         Necr           51%        3d19      1%          4
Your spell library was empty.

Dungeon Overview and Level Annotations

Branches:
Dungeon (8/15)             Temple (1/1) D:7
   Lair: D:8-11

Altars:
Ashenzari
Cheibriados
Dithmenos
Elyvilon
Fedhas
Gozag
Hepliaklqana
Kikubaaqudgha
Makhleb
Okawaru
Qazlal
Ru
Sif Muna
Trog
Uskayaw
Vehumet
Wu Jian
Xom
Yredelemnul
Zin
The Shining One

Shops:
D:6 :   D:8 [[[(

Annotations:
D:4 2 runed translucent doors, AttackTheMoon's ghost, weakling HuDe
D:5 3 runed translucent doors, MisterAzrael's ghost, novice OpTm; heikuro's ghost, novice FoFi; mg7810's ghost, novice DsMo; miscthings's ghost, novice NaCA; qdestroyer's ghost, amateur MiBe


Innate Abilities, Weirdness & Mutations

You are immune to sickness and miasma.
You are immune to poison.
Your flesh is very heat resistant. (rF++)
You are vulnerable to cold. (rC-)
You float through the air rather than walking.
You learn spells naturally, not from books.
Your magical power is your life essence.
You have superior vitality. (+4 HP)


Message History

You kill the yak!
You hear a shout!
You see here 17 gold pieces.
Found a blackened steel ring.
The two-headed ogre is distracted by your dazzling golden aura.
A kobold comes into view. It is wielding a +0 short sword.
Casting: Flame Wave (dangerous; 1% risk of failure)
Confirm with . or Enter, or press ? or * to list all spells.
Casting: Flame Wave (dangerous; 1% risk of failure)
Press: ? - help, Dir - look around, f - activate A wave of flame ripples out! (Press . to intensify the flame waves.)
The two-headed ogre shouts in stereo!
The two-headed ogre is no longer distracted by gold.
Unknown command.
A wave of flame ripples out!
The flame wave engulfs the two-headed ogre!
The two-headed ogre is moderately wounded.
A kobold brigand comes into view.
It is wielding a +0 dagger and quivering poisoned darts.
The two-headed ogre closely misses you. The two-headed ogre misses you.
A wave of flame ripples out!
The flame wave engulfs the two-headed ogre!
The two-headed ogre is heavily wounded.
The flame wave engulfs the plant!!
The plant begins to die.
The plant is lightly damaged.
You finish channelling waves of flame.
The kobold brigand is distracted by your dazzling golden aura.
The kobold is distracted by your dazzling golden aura.
The two-headed ogre hits you with a +0 giant club!!
* * * LOW HITPOINT WARNING * * *
The two-headed ogre hits you but does no damage.
The kobold shouts!
As you read the scroll of teleportation, it crumbles to dust.
You feel strangely unstable.
The kobold brigand shouts!
The kobold brigand is no longer distracted by gold.
A kobold comes into view. It is wielding a +0 short sword.
The two-headed ogre hits you with a +0 giant club!!
You die...
Your body crumbles into a pile of gold.

**,,,* ****,,*,**,>,,,,,,,,,,,,
***,****,,,#.#.#**,*,*,**,**,,,
*,**,*,*,,...K,,,,,,,,,,,*,**
*,,*,*,***.#K#,*,*,*,**,,,,*
***,,,*,* *,.K#,,,*****,,,,***
*$,,*,*,* *,..#**** *,,,*,,,,
****,,,#.#####.# **,*,*****
*,,,***#^.....O#######,,*,*
*,*** *###**#@#.....#,**,* *,#
#.####$..P....,**,* ###)#
##...##....∩P..,,,,* ....*
##∩.#..#.#......,,,,* .##**
#..###.$$.......,,,,* ..##
#.###..$$.$.....,,,,* ...# #.#
#....$......,,,,* ...######.#
#...........,,,,*
..........#*#...........,,,,*


You could see a two-headed ogre, a kobold brigand and 2 kobolds.

Vanquished Creatures
  Joseph (D:7)
  Maggie (D:7)
  Prince Ribbit (D:7)
  Sigmund (D:6)
  4 yaks (D:8)
  3 water moccasins (D:7)
  3 sky beasts
  A black bear (D:8)
  3 ice beasts
  2 necrophages
  A phantom (D:5)
  2 bullfrogs (D:8)
  A gnoll sergeant (D:7)
  2 scorpions
  8 wights
  A water moccasin skeleton (D:5)
  A jelly (D:5)
  A centaur zombie (D:6)
  An orc priest (D:8)
  A gnoll shaman (D:7)
  3 hounds
  A centaur skeleton (D:6)
  3 orc wizards
  2 iguanas
  A howler monkey zombie (D:5)
  4 adders
  9 gnolls (D:7)
  A howler monkey skeleton (D:7)
  2 white imps
  An adder skeleton (D:4)
  4 worms
  14 orcs
  2 endoplasms
  4 giant cockroaches
  3 goblins
  8 hobgoblins
  6 kobolds
  3 quokkas (D:4)
  6 ball pythons
  3 bats
  A frilled lizard (D:2)
  5 rats
125 creatures vanquished.

Vanquished Creatures (others)
  249 foxfires
  2 plants (D:8)
251 creatures vanquished.

Grand Total: 376 creatures vanquished

Notes
Turn   | Place    | Note
-------+----------+-------------------------------------------
     0 | D:1      | robertstho the Djinni Fire Elementalist began the quest for
                  | the Orb.
     0 | D:1      | Reached XP level 1. HP: 15/15 MP: 0/0
    98 | D:1      | Found a faded altar of an unknown god.
   600 | D:1      | Reached XP level 2. HP: 19/21 MP: 0/0
  1403 | D:2      | Reached skill level 3 in Spellcasting
  1459 | D:2      | Reached XP level 3. HP: 21/25 MP: 0/0
  1459 | D:2      | Learned a level 1 spell: Magic Dart
  2674 | D:3      | Reached XP level 4. HP: 22/31 MP: 0/0
  2988 | D:3      | Found a stormy altar of Qazlal.
  3714 | D:4      | Reached skill level 1 in Fighting
  3714 | D:4      | Reached XP level 5. HP: 28/37 MP: 0/0
  3714 | D:4      | Learned a level 2 spell: Slow
  3870 | D:4      | Found a large runed translucent door.
  3871 | D:4      | Found a large runed translucent door.
  3875 | D:4      | Noticed AttackTheMoon's ghost (weakling HuDe)
  4255 | D:4      | Reached skill level 4 in Spellcasting
  4340 | D:4      | Noticed an ice beast
  4342 | D:4      | Killed an ice beast
  4343 | D:4      | Reached XP level 6. HP: 14/42 MP: 0/0
  4824 | D:5      | Entered Level 5 of the Dungeon
  5056 | D:5      | Noticed mg7810's ghost (novice DsMo)
  5058 | D:5      | Noticed qdestroyer's ghost (amateur MiBe)
  5058 | D:5      | Noticed MisterAzrael's ghost (novice OpTm)
  5058 | D:5      | Noticed heikuro's ghost (novice FoFi)
  5059 | D:5      | Found a runed translucent gate.
  5059 | D:5      | Found a runed translucent gate.
  5059 | D:5      | Found a runed translucent gate.
  5059 | D:5      | Noticed miscthings's ghost (novice NaCA)
  5069 | D:5      | Noticed a sky beast
  5075 | D:5      | Killed a sky beast
  5076 | D:5      | Reached skill level 5 in Spellcasting
  5076 | D:5      | Reached XP level 7. HP: 42/48 MP: 0/0
  5076 | D:5      | Learned a level 3 spell: Ignite Poison
  5426 | D:5      | Found a basalt altar of Yredelemnul.
  5580 | D:5      | Reached skill level 6 in Spellcasting
  5885 | D:5      | Found a white marble altar of Elyvilon.
  5889 | D:5      | Reached XP level 8. HP: 49/55 MP: 0/0
  6451 | D:6      | Noticed Sigmund
  6462 | D:6      | Killed Sigmund
  6463 | D:6      | Reached skill level 7 in Spellcasting
  6855 | D:6      | Found Rurud's Self-Improvement Boutique.
  6864 | D:6      | Identified the ring "Vearop" {*Slow Fly rCorr MP+9}
  7068 | D:7      | Reached XP level 9. HP: 57/61 MP: 0/0
  7068 | D:7      | Learned a level 4 spell: Dispel Undead
  7082 | D:7      | Reached skill level 8 in Spellcasting
  7878 | D:7      | Noticed Joseph
  7994 | D:7      | Killed Joseph
  7995 | D:7      | Reached skill level 9 in Spellcasting
  8098 | D:7      | Identified the +9 whip of Precise Incision {flame, Str+8
                  | Dex-4 Stlth+}
  8131 | D:7      | Found a staircase to the Ecumenical Temple.
  8140 | Temple   | Entered the Ecumenical Temple
  8294 | Temple   | Became a worshipper of Gozag Ym Sagoz the Greedy
  8375 | D:7      | Found a sacrificial altar of Ru.
  8405 | D:7      | Noticed Maggie
  8416 | D:7      | Killed Maggie
  8417 | D:7      | Reached XP level 10. HP: 26/68 MP: 0/0
  8662 | D:7      | Noticed Prince Ribbit
  8680 | D:7      | Killed Prince Ribbit
  9054 | D:8      | Found Ohosakawu's Antique Weapon Boutique.
  9200 | D:8      | Found Tipn's Antique Armour Boutique.
  9233 | D:8      | Found Ryakab's Armour Emporium.
  9234 | D:8      | Found Ifrua's Antique Armour Emporium.
  9237 | D:8      | Reached skill level 10 in Spellcasting
  9245 | D:8      | Reached skill level 1 in Evocations
  9252 | D:8      | Noticed a two-headed ogre
  9260 | D:8      | Demolished by a two-headed ogre

Illustrated notes

Levels and vault maps discovered:
D:1:      lightli_arrival_boilingwater, layout_loops_corners,
          shapermc_ecumenical_altar_totnotflames
D:2:      layout_basic
D:3:      kennysheep_big_flooded_room, layout_rooms,
          nicolae_qazlal_scattered_showers, grunt_ministairs_2
D:4:      layout_basic, ebering_ghost_disaster_area, corexii_checkpoint_a,
          nicolae_zen_rock_garden
D:5:      layout_basic, mainiacjoe_overflow_alcove_2,
          mainiacjoe_overflow_24_doors, gammafunk_ghost_cemetery
D:6:      layout_basic, nicolae_shop_self_help, uniq_sigmund
D:7:      layout_basic, nicolae_ru_the_path_less_chosen,
          nicolae_vehumet_radiance, minmay_temple_entry_drinking_statues,
          uniq_joseph, uniq_maggie, uniq_prince_ribbit1
D:8:      layout_rooms, nemelex_xobeh_ov_fountains_minmay, serial_shops,
          kennysheep_mini_moat, shop, nicolae_shop_crystal, shop,
          nicolae_shop_overgrown_old_shop, st_stairs_8, corner_web_ring,
          minmay_microvault
Temple:   regret_index_temple_sphere_string

Skill      XL: |  1  2  3  4  5  6  7  8  9 10 |
---------------+-------------------------------+-----
Spellcasting   | 3 4 5 6 7 9 10 | 10.4
Fighting       | 1 2 3 4 |  4.6
Stealth        | 2 3 |  3.0
Dodging        | 3 |  3.1
Evocations     | 1 |  1.0
Short Blades   | |  0.2
Staves         | |  0.3
Armour         | |  0.3

Action                   |  1- 3 |  4- 6 |  7- 9 | 10-12 || total
-------------------------+-------+-------+-------+-------++-------
Melee: Unarmed           |       |     1 |     1 |       ||     2
       Dagger            |       |       |     7 |       ||     7
       Quarterstaff      |       |       |     4 |       ||     4
       Whip              |       |       |       |     7 ||     7
 Cast: Foxfire           |    78 |    30 |    33 |       ||   141
       Scorch            |       |    29 |    81 |    11 ||   121
       Flame Wave        |       |       |     7 |     6 ||    13
Evoke: Wand              |       |       |     6 |       ||     6
  Use: Scroll            |       |       |     4 |     9 ||    13
       Potion            |       |       |     2 |       ||     2
 Stab: Sleeping          |       |       |     1 |       ||     1
Armor: Robe              |       |     6 |    16 |       ||    22
       Acid dragon scale |       |       |       |     6 ||     6
Dodge: Dodged            |     6 |     6 |    31 |    10 ||    53

Table legend: (Time is in decaauts)
 A = Elapsed time spent in this place.
 B = Non-inter-level travel time spent in this place.
 C = Inter-level travel time spent in this place.
 D = Time resting spent in this place.
 E = Time spent auto-exploring this place.
 F = Levels seen in this place.
 G = Mean time per level.
                   A        B        C        D        E       F      G
               +--------+--------+--------+--------+--------+-----+--------+
         Total |   9258 |   9033 |    225 |    606 |   7600 |   9 | 1028.7 |
       Dungeon |   9075 |   8879 |    196 |    606 |   7467 |   8 | 1134.4 |
        Temple |    182 |    154 |     28 |      0 |    133 |   1 |  182.0 |
               +--------+--------+--------+--------+--------+-----+--------+

Top non-repeatable levels by time:
     D:7: 1614 daAuts
     D:4: 1547 daAuts
     D:1: 1279 daAuts
     D:5: 1229 daAuts
     D:6: 1203 daAuts
     D:2: 1042 daAuts
     D:3: 953 daAuts
     D:8: 205 daAuts
  Temple: 182 daAuts
